 Dungeon Crawl Stone Soup version 0.29.1-15-g9cfb28693d (webtiles) character file.

Game seed: 8556132500114541905

724 Peloso the Slasher (level 7, -2/61 HPs)
             Began as a Minotaur Fighter on Apr 22, 2023.
             Slain by an ogre
             ... wielding a +0 giant club
             ... summoned by an orc
              (18 damage)
             ... on level 5 of the Dungeon.
             The game lasted 00:05:20 (3535 turns).

Peloso the Slasher (Minotaur Fighter)               Turns: 3535, Time: 00:05:20

Health: -2/61      AC: 12    Str: 20    XL:     7   Next: 43%
Magic:  6/6        EV:  6    Int:  5    God:
Gold:   195        SH:  5    Dex: 12    Spells: 6/6 levels left

rFire   . . .      SeeInvis .   a - +1 long sword
rCold   . . .      Faith    .   d - +0 buckler
rNeg    . . .      Spirit   .   c - +0 plate armour
rPois   .          Reflect  .   (helmet restricted)
rElec   .          Harm     .   (no cloak)
rCorr   .          Rampage  .   (no gloves)
Will    .....                   (no boots)
Stlth   ..........              (no amulet)
HPRegen 0.20/turn               (no ring)
MPRegen 0.10/turn               (no ring)

@: lethally poisoned (-2 -> -3)
A: horns 2, retaliatory headbutt
a: no special abilities


You were on level 5 of the Dungeon.
You visited 1 branch of the dungeon, and saw 5 of its levels.

You collected 195 gold pieces.

Inventory:

Hand Weapons
 a - a +1 long sword (weapon)
Missiles
 i - 2 throwing nets (quivered)
Armour
 b - a +0 scale mail
 c - a +0 plate armour (worn)
 d - a +0 buckler (worn)
Wands
 h - a wand of mindburst (13)
 p - a wand of flame (9)
 s - a wand of iceblast (8)
Scrolls
 f - 2 scrolls of blinking
 n - a scroll of enchant armour
 o - a scroll of fear {unknown}
 t - a scroll of teleportation
 u - a scroll of torment {unknown}
Potions
 e - 2 potions of magic
 g - 3 potions of mutation
 j - a potion of curing
 k - 2 potions of flight {unknown}
 l - a potion of might
 m - a potion of brilliance {unknown}
 q - a potion of heal wounds
 r - a potion of invisibility {unknown}
 v - a potion of degeneration {unknown}


   Skills:
 + Level 5.2 Fighting
 + Level 6.9 Long Blades
 + Level 6.2 Armour
 + Level 1.0 Dodging
 + Level 0.2 Stealth
 + Level 5.0 Shields


You had 6 spell levels left.
You didn't know any spells.
Your spell library contained the following spells:

 Spells                   Type           Power      Damage    Failure   Level
 Apportation              Tloc           0%         N/A       100%        1
 Foxfire                  Conj/Fire      0%         2x1d4     100%        1
 Conjure Flame            Conj/Fire      0%         6-21      100%        3
 Inner Flame              Hex/Fire       0%         N/A       100%        3
 Flame Wave               Conj/Fire      0%         2d4       100%        4
 Alistair's Intoxication  Tmut/Pois      0%         N/A       100%        5


Dungeon Overview and Level Annotations

Branches:
Dungeon (5/15)
 Temple: D:4-7

Altars:
Cheibriados
Elyvilon
Fedhas
Hepliaklqana
Qazlal
Trog
Xom
The Shining One

Annotations:
D:4 Dowan


Innate Abilities, Weirdness & Mutations

You have a pair of horns on your head.
You reflexively headbutt those who attack you in melee.


Message History

The water moccasin bites you!
You closely miss the water moccasin.
The water moccasin is almost dead.
The water moccasin bites you.
You are poisoned.
The water moccasin poisons you! The water moccasin barely misses you.
You miss the water moccasin. You headbutt the water moccasin.
You kill the water moccasin!
The water moccasin's corpse dissolves into shadows!
You feel very sick.
You hit the orc wizard.
The orc wizard is lightly wounded.
You feel very sick.
You slash the orc wizard!
The orc wizard is severely wounded.
You feel very sick.
The orc dissolves into shadows!
The orc wizard hits you but does no damage.
You hit the orc wizard.
The orc wizard is severely wounded.
You feel sick.
The orc wizard gestures at you while chanting.
You resist with some effort.
You miss the orc wizard.
You headbutt the orc wizard, but do no damage.
The orc wizard is severely wounded.
You feel sick.
The orc wizard mumbles some strange words.
The orc wizard flickers and vanishes!
Deactivating autopickup; reactivate with Ctrl-A.
You barely miss something.
You feel sick.
Reactivating autopickup.
You hit the orc but do no damage. Your headbutt misses the orc.
You feel sick. You block the orc's attack.
You slash the orc!
You kill the orc!
The orc's corpse dissolves into shadows!
You feel sick.
The ogre hits you with a +0 giant club!!
You die...

###### #..... ##
#.....############## ##.
#.)....oO@.........#####..
#.....############........
#..... ###...... ..o....
#.####. ###..## #.###..
#.. #.# #....>. #. #.#
#..##.. #. #.# #..###. ##.
#.# #..# ##


You could see an ogre (summoned) and an orc.

Vanquished Creatures
  Pargi (D:3)
  3 phantoms (D:5)
  A scorpion (D:5)
  A hound (D:5)
  5 orc priests (D:5)
  3 gnolls (D:5)
  3 adders
  A white imp (D:5)
  4 worms
  6 dart slugs
  11 orcs (D:5)
  5 ball pythons
  3 bats (D:2)
  6 endoplasms
  A giant cockroach (D:1)
  3 goblins
  4 hobgoblins
  9 kobolds
  3 quokkas
  2 frilled lizards (D:1)
  6 rats (D:1)
  A butterfly (D:5)
82 creatures vanquished.

Notes
Turn   | Place    | Note
-------+----------+-------------------------------------------
     0 | D:1      | Peloso the Minotaur Fighter began the quest for the Orb.
     0 | D:1      | Reached XP level 1. HP: 19/19 MP: 0/0
   177 | D:1      | Reached XP level 2. HP: 27/27 MP: 1/1
   490 | D:1      | Found a faded altar of an unknown god.
   623 | D:1      | Reached XP level 3. HP: 33/33 MP: 2/2
  1769 | D:3      | Found a blossoming altar of Fedhas.
  1833 | D:3      | Reached XP level 4. HP: 37/40 MP: 3/3
  1982 | D:3      | Found a white marble altar of Elyvilon.
  1982 | D:3      | Found a bloodstained altar of Trog.
  1982 | D:3      | Found a hazy altar of Hepliaklqana.
  1982 | D:3      | Found a snail-covered altar of Cheibriados.
  2013 | D:3      | Found a stormy altar of Qazlal.
  2019 | D:3      | Found a glowing golden altar of the Shining One.
  2356 | D:3      | Noticed Pargi
  2370 | D:3      | Killed Pargi
  2371 | D:3      | Reached XP level 5. HP: 41/47 MP: 4/4
  2635 | D:4      | Noticed Dowan
  2648 | D:5      | Entered Level 5 of the Dungeon
  2654 | D:5      | Reached skill level 5 in Armour
  2665 | D:5      | Noticed a phantom
  2683 | D:5      | Killed a phantom
  2684 | D:5      | Reached skill level 1 in Dodging
  2684 | D:5      | Reached XP level 6. HP: 39/53 MP: 5/5
  2786 | D:5      | Reached skill level 5 in Long Blades
  3114 | D:5      | Found a shimmering altar of Xom.
  3149 | D:5      | Reached skill level 5 in Fighting
  3149 | D:5      | Reached XP level 7. HP: 38/61 MP: 6/6
  3338 | D:5      | Reached skill level 5 in Shields
  3510 | D:5      | Identified the +0 leather armour of Leilie {Rampage rPois
                  | rN+ rCorr}
  3535 | D:5      | Slain by an ogre

Illustrated notes

Levels and vault maps discovered:
D:1:      mrwooster_arrival_arrow, layout_loops_ring,
          shapermc_ecumenical_altar_hornbeckon, st_stairs_5, minivault_4
D:2:      layout_loops_ring, minmay_misc_feat_pillars
D:3:      layout_loops_ring, minmay_overflow_temple_hex,
          mainiacjoe_overflow_cross_hatched, grunt_decor_cap,
          small_statue_intersection, uniq_pargi
D:4:      layout_basic, eat_drink_and_be_merry_uskayaw, general_overflow_altar,
          patterned_corridor, uniq_duvessa, uniq_grinder, uniq_eustachio
D:5:      layout_loops_ring, xom_butterflies, st_stairs_13,
          kennysheep_crisscross, minmay_statues_item

Skill      XL: |  1  2  3  4  5  6  7 |
---------------+----------------------+-----
Fighting       | 4 5 |  5.2
Armour         | 4 5 6 |  6.2
Shields        | 4 5 |  5.0
Long Blades    | 3 4 5 6 |  6.9
Dodging        | 1 |  1.0
Stealth        | |  0.2

Action                   |  1- 3 |  4- 6 |  7- 9 || total
-------------------------+-------+-------+-------++-------
Melee: Long sword        |    81 |   112 |    51 ||   244
       Headbutt          |    14 |    20 |     7 ||    41
  Use: Potion            |     3 |       |     1 ||     4
       Scroll            |     1 |     3 |     2 ||     6
Armor: Scale mail        |    25 |       |       ||    25
       Plate armour      |    15 |    74 |    19 ||   108
Dodge: Dodged            |    37 |    29 |    12 ||    78
Block: Buckler           |    12 |    36 |    11 ||    59
